 Dungeon Crawl Stone Soup version 0.31-a0-196-g86fe4a5e66 (webtiles) character file.

Game seed: 15767053662303542786

51 qw the Shooter (level 3, -1/20 HPs)
             Began as a Deep Elf Hunter on June 24, 2023.
             Succumbed to an adder's poison
             ... on level 2 of the Dungeon.
             The game lasted 00:00:25 (964 turns).

qw the Shooter (Deep Elf Hunter)                     Turns: 964, Time: 00:00:26

Health: -1/20      AC:  3    Str: 10    XL:     3   Next: 58%
Magic:  5/5        EV: 12    Int: 13    God:
Gold:   24         SH:  0    Dex: 18    Spells: 2/2 levels left

rFire   . . .        Y - +0 shortbow
rCold   . . .        (shield currently unavailable)
rNeg    . . .        c - +0 leather armour
rPois   .            (no helmet)
rElec   .            (no cloak)
rCorr   .            (no gloves)
SInv    .            (no boots)
Will    .....        (no amulet)
Stlth   ++           (no ring)
HPRegen 0.23/turn    (no ring)
MPRegen 0.09/turn

%: no passive effects
@: lethally poisoned (-1 -> -6)
A: no striking features
a: no special abilities


You were on level 2 of the Dungeon.
You visited 1 branch of the dungeon, and saw 2 of its levels.

You collected 24 gold pieces.


   Skills:
 - Level 1.5 Fighting
 + Level 7.1 Ranged Weapons
 - Level 2.4 Dodging
 - Level 1.2 Stealth


You had 2 spell levels left.
You didn't know any spells.
Your spell library was empty.

Inventory:

Hand Weapons
 Y - a +0 shortbow (weapon)
Armour
 b - a +0 scale mail
 c - a +0 leather armour (worn)
Scrolls
 a - a scroll of identify
Potions
 d - a potion of heal wounds {unknown}
 e - 3 potions of curing
 h - a potion of brilliance {unknown}

Dungeon Overview and Level Annotations

Branches:
Dungeon (2/15)

Altars:

Shops:
D:2 (


Message History

A ball python comes into view.
Enter note: You shoot an arrow.
The ball python hisses angrily.
The arrow hits the ball python.
You kill the ball python!
An adder comes into view.
Enter note: You shoot an arrow.
The arrow barely misses the adder.
The adder hisses angrily.
You shoot an arrow. The arrow misses the adder.
You shoot an arrow. The arrow hits the adder.
The adder is heavily wounded.
You shoot an arrow. The arrow barely misses the adder.
The adder bites you.
You are poisoned.
The adder poisons you!
You shoot an arrow. The arrow closely misses the adder.
You feel sick. The adder bites you but does no damage.
You shoot an arrow. The arrow closely misses the adder.
You feel sick. The adder bites you.
You are more poisoned.
The adder poisons you! The adder bites you.
You are lethally poisoned!
The adder poisons you!
You shoot an arrow.
The arrow hits the adder but does no damage.
The adder is heavily wounded.
You feel very sick. The adder bites you but does no damage.
You shoot an arrow.
The arrow hits the adder but does no damage.
The adder is heavily wounded.
You feel very sick. The adder closely misses you. The adder barely misses you.
You shoot an arrow. The arrow misses the adder.
You feel sick. The adder closely misses you.
You shoot an arrow. The arrow hits the adder.
The adder is almost dead.
You die...

### #.. #.#
#####.#######
#....@S......
#.....#####..
#.....# ..
#.....# #.#
#.....# #
>..#.....#.#
#)#.....#.###
#............
#..........##


You could see an adder.

Vanquished Creatures
  An adder (D:2)
  5 endoplasms
  A giant cockroach (D:1)
  3 goblins (D:1)
  6 hobgoblins
  4 jackals (D:1)
  A quokka (D:2)
  3 ball pythons
  3 bats (D:1)
  3 frilled lizards
  4 kobolds
  3 rats
37 creatures vanquished.

Notes
Turn   | Place    | Note
-------+----------+-------------------------------------------
     0 | D:1      | qw the Deep Elf Hunter began the quest for the Orb.
     0 | D:1      | Reached XP level 1. HP: 12/12 MP: 3/3
     0 | D:1      | 0 ||| qw: Version: 0.3-a-9-g12657ce
     0 | D:1      | 0 ||| qw: Game counter: 4816
     0 | D:1      | 0 ||| qw: Always use a shield: true
     0 | D:1      | 0 ||| qw: God list: Okawaru
     0 | D:1      | 0 ||| qw: Allow faded altars: false
     0 | D:1      | 0 ||| qw: Do Orc after D:15 true
     0 | D:1      | 0 ||| qw: Do second Lair branch before Depths: true
     0 | D:1      | 0 ||| qw: Lair rune preference: random
     0 | D:1      | 0 ||| qw: Plans: Normal
     0 | D:1      | 0 ||| PLANNING D:1-11
    18 | D:1      | 18 ||| Stepping ~*~*~tactically~*~*~ (outnumbered).
    46 | D:1      | Found a faded altar of an unknown god.
    50 | D:1      | Reached XP level 2. HP: 16/16 MP: 4/4
    68 | D:1      | Reached skill level 6 in Ranged Weapons
   655 | D:1      | Reached XP level 3. HP: 20/20 MP: 5/5
   756 | D:1      | 756 ||| READING 2 scrolls labelled PIZXIOFRESCH.
   757 | D:1      | 757 ||| READING scroll labelled MIHONUYDAR.
   760 | D:1      | 760 ||| READING scroll labelled VOC ESHRECVE.
   761 | D:1      | 761 ||| DRINKING 3 grey potions.
   762 | D:1      | 762 ||| DROPPING scroll of butterflies.
   796 | D:2      | Found Voihujo's Antique Weapon Shop.
   868 | D:2      | Reached skill level 7 in Ranged Weapons
   962 | D:2      | HP: 3/20 [poisoned by an adder]
   963 | D:2      | HP: 1/20 [poisoned by an adder]
   964 | D:2      | Succumbed to an adder's poison

Levels and vault maps discovered:
D:1:      heliophobic_arrival_ceremonial_halls, layout_basic,
          ebering_ecumenical_altar_box
D:2:      minmay_kobold_bridge, layout_basic, serial_shops, shop, uniq_sigmund

Skill      XL: |  1  2  3 |
---------------+----------+-----
Ranged Weapons | 6 7 |  7.1
Fighting       | |  1.5
Dodging        | |  2.4
Stealth        | |  1.2

Action                     || total
---------------------------++-------
   Fire: Shortbow          ||   102
    Use: Scroll            ||     3
         Potion            ||     1
 Armour: Leather armour    ||    11
  Dodge: Dodged            ||    15

Table legend:
 A = Non-vault XP
 B = Vault XP
 C = Vault XP percentage of total XP
 D = Non-vault monster count
 E = Vault monster count
 F = Vault count percentage of total count
                 A         B        C        D         E       F
            +---------+---------+-------+---------+---------+-------
      Total |      74 |       0 |   0.0 |      37 |       0 |   0.0
            +---------+---------+-------+---------+---------+-------
        D:1 |      45 |       0 |   0.0 |      26 |       0 |   0.0
        D:2 |      29 |       0 |   0.0 |      11 |       0 |   0.0
            +---------+---------+-------+---------+---------+-------
